 Dungeon Crawl Stone Soup version 0.30-a0-808-g6e0788376e (webtiles) character file.

Game seed: 5449248155893958494

388 porpoise the Sneak (level 6, -4/44 HPs)
             Began as a Gnoll Enchanter on Feb 27, 2023.
             Was a Believer of Dithmenos.
             Slain by Pikel
             ... wielding a +0 whip of electrocution
              (10 damage)
             ... on level 3 of the Dungeon.
             The game lasted 00:18:55 (4325 turns).

porpoise the Sneak (Gnoll Enchanter)                Turns: 4325, Time: 00:18:56

Health: -4/44      AC:  3    Str:  8    XL:     6   Next: 79%
Magic:  18/23      EV: 13    Int: 16    God:    Dithmenos [**....]
Gold:   741        SH:  0    Dex: 12    Spells: 4/15 levels left

rFire   . . .      SeeInvis +    a - +1 dagger (drain)
rCold   . . .      Faith    .    (no shield)
rNeg    . . .      Spirit   .    b - +1 robe
rPois   .          Reflect  .    (no helmet)
rElec   .          Harm     .    (no cloak)
rCorr   .          Rampage  .    (no gloves)
Will    .....                    (no boots)
Stlth   ++++                     (no amulet)
HPRegen 0.27/turn                k - ring of see invisible
MPRegen 0.18/turn                q - ring of magical power

@: confusing by touch, wreathed by umbra
A: fangs 1, strong nose, distributed training
a: Renounce Religion, Shadow Step


You were on level 3 of the Dungeon.
You worshipped Dithmenos.
Dithmenos was pleased with you.
You visited 1 branch of the dungeon, and saw 4 of its levels.
You also visited: Sewer.

You collected 771 gold pieces.
You spent 30 gold pieces at shops.

Inventory:

Hand Weapons
 a - a +1 dagger of draining (weapon)
 h - a +3 whip
 p - the +6 flail "Gaibeakh" {holy, Drain rPois rN+++ Int-5}
   (You found it in a sewer)

   Int:       It affects your intelligence (-5).
   rPois:     It protects you from poison.
   rN:        It renders you almost immune to negative energy.
   Drain:     It drains your maximum health when unequipped.
 v - a +1 dagger
Missiles
 f - 4 poisoned darts (quivered)
 o - 3 boomerangs of dispersal
Armour
 b - a +1 robe (worn)
Jewellery
 k - a ring of see invisible (left hand)
 q - a ring of magical power (right hand)
Scrolls
 e - a scroll of silence
 g - a scroll of fog {unknown}
 i - a scroll of immolation
 j - a scroll of fear
 n - 5 scrolls of teleportation
 w - a scroll of enchant weapon {unknown}
Potions
 c - 2 potions of invisibility
 d - 2 potions of haste
 l - a potion of ambrosia
 m - 3 potions of curing
 s - 2 potions of magic
 t - a potion of mutation
 u - 2 potions of heal wounds


   Skills:
 + Level 2.2 Fighting
 + Level 3.4 Short Blades
 + Level 2.2 Long Blades
 + Level 2.2 Axes
 + Level 2.2 Maces & Flails
 + Level 2.2 Polearms
 + Level 2.2 Staves
 + Level 2.2 Ranged Weapons
 + Level 2.2 Throwing
 + Level 2.2 Armour
 + Level 5.1 Dodging
 + Level 6.4 Stealth
 + Level 2.2 Shields
 + Level 2.2 Unarmed Combat
 + Level 5.4 Spellcasting
 + Level 1.7 Conjurations
 + Level 5.7 Hexes
 + Level 1.7 Summonings
 + Level 1.7 Necromancy
 + Level 1.7 Translocations
 + Level 1.7 Transmutations
 + Level 1.7 Fire Magic
 + Level 1.7 Ice Magic
 + Level 1.7 Air Magic
 + Level 1.7 Earth Magic
 + Level 1.7 Poison Magic
 + Level 2.4 Invocations
 + Level 2.2 Evocations


You had 4 spell levels left.
You knew the following spells:

 Your Spells              Type           Power      Damage    Failure   Level
a - Confusing Touch       Hex            22%        N/A       4%          3
e - Ensorcelled Hibernat  Hex/Ice        32%        N/A       4%          2
m - Mephitic Cloud        Conj/Pois/Air  10%        N/A       22%         3
t - Tukima's Dance        Hex            22%        N/A       4%          3

Your spell library contained the following spells:

 Spells                   Type           Power      Damage    Failure   Level
 Slow                     Hex            88%        N/A       1%          1
 Dazzling Flash           Conj/Hex       32%        N/A       10%         3
 Portal Projectile        Hex/Tloc       32%        N/A       10%         3
 Cigotuvi's Dreadful Rot  Necr/Pois/Air  20%        N/A       11%         2
 Poisonous Vapours        Pois/Air       20%        N/A       11%         2
 Vampiric Draining        Necr           10%        2d6       22%         3
 Passage of Golubria      Tloc           10%        N/A       56%         4
 Silence                  Hex/Air        8%         N/A       65%         5
 Blade Hands              Tmut           5%         N/A       89%         5
 Lehudib's Crystal Spear  Conj/Erth      5%         10d3      100%        8


Dungeon Overview and Level Annotations

Branches:
Dungeon (4/15)              Sewer (visited)
 Temple: D:4-7

Altars:
Dithmenos

Shops:
D:1 ![[=(

Annotations:
D:3 Pikel


Innate Abilities, Weirdness & Mutations

You have very sharp teeth.
Your uncanny sense of smell can sniff out nearby items.
Your experience applies equally to all skills.


Message History

You hit the lemure.
The lemure is almost dead.
The lemure barely misses you.
You hit the lemure.
You kill the lemure!
That felt strangely unrewarding.
You start resting.
Magic restored.
You start resting.
HP restored.
There is a stone staircase leading down here.
You climb downwards.
Level annotation: Pikel Pikel says, "Hell isn't that bad."
The dart slug launches a dart at you. The slug dart hits you.
There is a stone staircase leading up here.
The lemure shouts!
Pikel zaps a wand.
Your mind is blasted!
The lemure shouts!
You climb upwards.
There is a stone staircase leading down here.
Casting: Confusing Touch (dangerous; 4% risk of failure)
Confirm with . or Enter, or press ? or * to list all spells.
Aiming: Ensorcelled Hibernation (safe; 4% risk of failure)
Press: ? - help, Shift-Dir - straight line, f - Pikel
Aim: Pikel, wielding a +0 whip of electrocution, wearing a +0 robe and carrying a wand of mindburst (12) (umbra, chance to affect: 50%) Pikel resists with some effort.
Pikel hits you with a +0 whip of electrocution.
You are electrocuted!
Casting: Ensorcelled Hibernation (safe; 4% risk of failure)
Confirm with . or Enter, or press ? or * to list all spells.
Your hands begin to glow red.
Pikel zaps a wand.
Your mind is blasted!
* * * LOW HITPOINT WARNING * * *
You miss Pikel.
Pikel zaps a wand.
Your mind is blasted!
* * * LOW HITPOINT WARNING * * *
You hit Pikel but do no damage. You completely miss Pikel.
Pikel hits you with a +0 whip of electrocution!
You die...

###.......
#....)....
#..[......
#.).......
#......... #######
#......... #.....#
###'###...
#.....#######.###...
#.K@..+.........'...
#.....###########...
#..........## #...
##########..#####...
##.##......
#....#####
###....... #.......
##########......


You could see Pikel.

Vanquished Creatures
  2 lemures (D:3)
  2 bullfrogs (Sewer)
  Terence (D:2)
  9 adders
  4 river rats (Sewer)
  2 worms
  3 dart slugs
  An orc (D:3)
  22 ball pythons
  5 endoplasms
  5 giant cockroaches
  5 goblins
  4 hobgoblins
  4 jackals (D:3)
  2 quokkas (D:2)
  7 bats
  6 frilled lizards
  7 kobolds
  27 rats
118 creatures vanquished.

Notes
Turn   | Place    | Note
-------+----------+-------------------------------------------
     0 | D:1      | porpoise the Gnoll Enchanter began the quest for the Orb.
     0 | D:1      | Reached XP level 1. HP: 13/13 MP: 6/6
    15 | D:1      | Found Ziujo's Armour Boutique.
    69 | D:1      | Found Hemnet's Antique Weapon Emporium.
   262 | D:1      | Reached XP level 2. HP: 13/19 MP: 7/7
   290 | D:1      | Learned a level 2 spell: Ensorcelled Hibernation
   298 | D:1      | Found Wial's Antique Armour Shoppe.
   468 | D:1      | Found Hekydor's Jewellery Emporium.
   772 | D:1      | Found Palawac's Distillery.
   781 | D:1      | Bought a potion of curing for 30 gold pieces
  1036 | D:2      | Found a faded altar of an unknown god.
  1186 | D:2      | Reached skill level 6 in Stealth
  1186 | D:2      | Reached skill level 5 in Spellcasting
  1186 | D:2      | Reached XP level 3. HP: 16/25 MP: 2/9
  1252 | D:2      | Learned a level 3 spell: Confusing Touch
  1256 | D:2      | Learned a level 3 spell: Tukima's Dance
  1282 | D:2      | Noticed Terence
  1289 | D:2      | Killed Terence
  1290 | D:2      | Reached skill level 1 in Fighting
  1290 | D:2      | Reached skill level 1 in Long Blades
  1290 | D:2      | Reached skill level 1 in Axes
  1290 | D:2      | Reached skill level 1 in Maces & Flails
  1290 | D:2      | Reached skill level 1 in Polearms
  1290 | D:2      | Reached skill level 1 in Staves
  1290 | D:2      | Reached skill level 1 in Ranged Weapons
  1290 | D:2      | Reached skill level 1 in Throwing
  1290 | D:2      | Reached skill level 1 in Armour
  1290 | D:2      | Reached skill level 1 in Shields
  1290 | D:2      | Reached skill level 1 in Unarmed Combat
  1290 | D:2      | Reached skill level 1 in Invocations
  1290 | D:2      | Reached skill level 1 in Evocations
  1290 | D:2      | Reached XP level 4. HP: 32/32 MP: 8/11
  1779 | D:2      | Learned a level 3 spell: Mephitic Cloud
  1787 | D:2      | Reached skill level 1 in Conjurations
  1787 | D:2      | Reached skill level 1 in Summonings
  1787 | D:2      | Reached skill level 1 in Necromancy
  1787 | D:2      | Reached skill level 1 in Translocations
  1787 | D:2      | Reached skill level 1 in Transmutations
  1787 | D:2      | Reached skill level 1 in Fire Magic
  1787 | D:2      | Reached skill level 1 in Ice Magic
  1787 | D:2      | Reached skill level 1 in Air Magic
  1787 | D:2      | Reached skill level 1 in Earth Magic
  1787 | D:2      | Reached skill level 1 in Poison Magic
  2211 | D:3      | Identified a scroll of acquirement
  2211 | D:3      | Acquired 552 gold pieces
  2469 | D:3      | Found a shadowy altar of Dithmenos.
  2477 | D:3      | Became a worshipper of Dithmenos the Shadowed
  2731 | D:3      | Reached XP level 5. HP: 37/37 MP: 12/12
  2887 | D:3      | Found a glowing drain.
  2906 | Sewer    | Entered a sewer
  3218 | Sewer    | Reached * piety under Dithmenos
  3361 | Sewer    | Identified the +6 flail "Gaibeakh" {holy, Drain rPois rN+++
                  | Int-5}
  3573 | Sewer    | Reached ** piety under Dithmenos
  3574 | Sewer    | Reached XP level 6. HP: 34/44 MP: 13/13
  3737 | Sewer    | Reached skill level 5 in Dodging
  4228 | D:4      | Noticed Pikel
  4325 | D:3      | Slain by Pikel

Illustrated notes

Levels and vault maps discovered:
D:1:      tarquinn_simple_flora_water_c, layout_loops_ring, serial_shops,
          nicolae_diamond_shop, shop, shop, shop, shop_coins
D:2:      minmay_chambers_of_ones, layout_basic,
          chequers_ecumenical_altar_simple_redux, ebering_dispersal_statue_hall,
          uniq_terence
D:3:      layout_basic, lemuel_coloured_pillars_altar, portal_sewer_entry_d,
          minivault_11
D:4:      layout_cave_pools, hellmonk_ghost_happy_afterlife,
          minmay_misc_feat_more_columns, serial_bayou_crossing, uniq_pikel

Skill      XL: |  1  2  3  4  5  6 |
---------------+-------------------+-----
Stealth        | 6 |  6.4
Spellcasting   | 5 |  5.4
Fighting       | 1 2 |  2.2
Long Blades    | 1 2 |  2.2
Axes           | 1 2 |  2.2
Maces & Flails | 1 2 |  2.2
Polearms       | 1 2 |  2.2
Staves         | 1 2 |  2.2
Ranged Weapons | 1 2 |  2.2
Throwing       | 1 2 |  2.2
Armour         | 1 2 |  2.2
Shields        | 1 2 |  2.2
Unarmed Combat | 1 2 |  2.2
Invocations    | 1 2 |  2.4
Evocations     | 1 2 |  2.2
Conjurations   | 1 |  1.7
Summonings     | 1 |  1.7
Necromancy     | 1 |  1.7
Translocations | 1 |  1.7
Transmutations | 1 |  1.7
Fire Magic     | 1 |  1.7
Ice Magic      | 1 |  1.7
Air Magic      | 1 |  1.7
Earth Magic    | 1 |  1.7
Poison Magic   | 1 |  1.7
Short Blades   | 3 |  3.4
Dodging        | 5 |  5.1
Hexes          | |  5.7

Action                     |  1- 3 |  4- 6 || total
---------------------------+-------+-------++-------
  Melee: Dagger            |    72 |   246 ||   318
         Punch             |     1 |     2 ||     3
         Bite              |     1 |    17 ||    18
  Throw: Dart              |       |     3 ||     3
   Cast: Ensorcelled Hiber |    12 |    45 ||    57
         Confusing Touch   |       |     8 ||     8
    Use: Scroll            |     3 |    12 ||    15
   Stab: Sleeping          |    10 |    35 ||    45
         Confused          |       |     1 ||     1
 Armour: Robe              |    15 |    43 ||    58
  Dodge: Dodged            |    48 |   228 ||   276

Table legend: (Time is in decaauts)
 A = Elapsed time spent in this place.
 B = Non-inter-level travel time spent in this place.
 C = Inter-level travel time spent in this place.
 D = Time resting spent in this place.
 E = Time spent auto-exploring this place.
 F = Levels seen in this place.
 G = Mean time per level.
                   A        B        C        D        E       F      G
               +--------+--------+--------+--------+--------+-----+--------+
         Total |   4378 |   4276 |    102 |   1150 |   1793 |   5 |  875.6 |
       Dungeon |   3360 |   3258 |    102 |    738 |   1793 |   4 |  840.0 |
         Sewer |   1018 |   1018 |      0 |    412 |      0 |   1 | 1018.0 |
               +--------+--------+--------+--------+--------+-----+--------+

Top non-repeatable levels by time:
     D:2: 1163 daAuts
     D:3: 1142 daAuts
     D:1: 1027 daAuts
   Sewer: 1018 daAuts
     D:4: 26 daAuts
